 Dungeon Crawl Stone Soup version 0.17-a0-755-g4391640 (webtiles) character file.

13 namelastname112 the Ruffian (level 2, -1/25 HPs)
             Began as a Naga Transmuter on Apr 22, 2015.
             Shot with an exploding sling bullet by a hobgoblin (5 damage)
             ... on level 1 of the Dungeon.
             The game lasted 00:01:48 (825 turns).

namelastname112 the Ruffian (Naga Transmuter)        Turns: 825, Time: 00:01:48

Health: -1/25      AC:  1    Str: 12    XL:     2   Next: 37%
Magic:  5/5        EV: 10    Int: 13    God:
Gold:   3          SH:  0    Dex: 11    Spells: 1 memorised, 4 levels left

rFire  . . .     SeeInvis +       - Unarmed
rCold  . . .     Clarity  .     b - +0 robe
rNeg   . . .     SustAb   .     (no shield)
rPois  +         Gourm    .     (no helmet)
rElec  .         Spirit   .     (no cloak)
rCorr  .         Warding  .     (no gloves)
rMut   .         Stasis   .     (no barding)
MR     .....                    (no amulet)
Stlth  +.........               (no ring)
                                (no ring)

@: very slow, not resistant to hostile enchantments, very unstealthy
A: see invisible, deformed body, poison resistance, slowness 2, slow metabolism
1, spit poison 2, AC +0
a: Spit Poison


You were on level 1 of the Dungeon.
You were not hungry.

You visited 1 branch of the dungeon, and saw 1 of its levels.

You collected 3 gold pieces.

Inventory:

Missiles
 a - 12 arrows
Armour
 b - a +0 robe (worn)
Scrolls
 e - a scroll of random uselessness {unknown}
 f - a scroll of amnesia {unknown}
Books
 c - a book of Changes

   Spells                             Type                      Level
   a - Beastly Appendage              Transmutation                1
   b - Sticks to Snakes               Transmutation                2
   c - Spider Form                    Transmutation/Poison         3
   d - Ice Form                       Ice/Transmutation            4
   e - Blade Hands                    Transmutation                5
Comestibles
 d - a bread ration


   Skills:
 - Level 1.0 Fighting
 - Level 1.5 Dodging
 + Level 3.2 Unarmed Combat
 + Level 2.3 Spellcasting
 + Level 2.3 Transmutations


You had 4 spell levels left.
You knew the following spells:

 Your Spells              Type           Power        Failure   Level  Hunger
a - Beastly Appendage     Trmt           #.....       12%         1    #......


Dungeon Overview and Level Annotations

Branches:
Dungeon (1/15)

Altars:


Innate Abilities, Weirdness & Mutations

You cannot wear boots.
Your serpentine skin is tough (AC +0).
You have supernaturally acute eyesight.
Armour fits poorly on your strangely shaped body.
Your system is resistant to poisons.
You cover ground very slowly.
You have a slow metabolism.
You can spit poison.


Message History

The hobgoblin shoots an exploding sling bullet.
The exploding sling bullet closely misses you.
The exploding sling bullet explodes!
Use which ability? (? or * to list)
Press: ? - help, Shift-Dir - straight line, f - hobgoblin
Aim: a hobgoblin, wielding a hunting sling The splash of poison hits the hobgoblin.
The hobgoblin is poisoned.
The hobgoblin is lightly wounded.
You feel slightly more hungry.
The hobgoblin shoots an exploding sling bullet.
The exploding sling bullet hits you.
The exploding sling bullet explodes!
The explosion of sling bullet fragments engulfs you!
* * * LOW HITPOINT WARNING * * *
Drink which item? (? for menu, Esc to quit)
It was a potion of restore abilities.
You have got your breath back.
The hobgoblin shoots an exploding sling bullet.
The exploding sling bullet hits you.
You die...

#........# #........#
+........# #........#
##### #...÷....######...#
#.÷.g...........#
#.........###...#
####.........# #...#
######..........@.###...#
................†......>#
#####..##.###########(..#
###....##)# ###(..#
.##.#.###.# #.)...#
....#.# #.# #.###.#
.####.# ... ... .# ..#
#.#.#..# #### .#
..###.#.#..# .#


You could see a hobgoblin.

Vanquished Creatures
  A giant cockroach (D:1)
  4 goblins (D:1)
  2 hobgoblins (D:1)
  A kobold (D:1)
  A bat (D:1)
  A giant gecko (D:1)
  2 rats (D:1)
12 creatures vanquished.

Vanquished Creatures (others)
  A bat (D:1)
1 creature vanquished.

Grand Total: 13 creatures vanquished

Notes
Turn   | Place    | Note
--------------------------------------------------------------
     0 | D:1      | namelastname112, the Naga Transmuter, began the quest for the Orb.
     0 | D:1      | Reached XP level 1. HP: 18/18 MP: 3/3
   480 | D:1      | Reached XP level 2. HP: 18/25 MP: 5/5
   825 | D:1      | Shot with an exploding sling bullet by a hobgoblin

Action                   || total
-------------------------++-------
Melee: Unarmed           ||    57
 Abil: Spit Poison       ||     4
  Use: Potion            ||     1
